Map: King's Cove LE

Players

HateMe

  • Race: Zerg Zerg
  • League: Master
  • Spawn Location: 11:00

Elazer - Winner!

  • Race: Zerg Zerg
  • League: Grandmaster
  • Spawn Location: 5:00

Event: HomeStory Cup XIX

VOD

Have the link to the VOD?

Description

Time

  • Played on: June 28, 2019, 6:24 a.m.
  • Length: 10:21

All games in this series

Show
View Real Time Build Order
Export as new Build Order

HateMe Zerg 

Build Orders: Hatch First 

Get SALT Encoding   

  12  0:00  Drone  
  13  0:13  Overlord  
  13  0:18  Drone  
  14  0:31  Drone x2  
  16  0:49  Hatchery  
  15  0:53  Drone  
  15  0:56  Drone  
  17  0:59  Drone  
  18  1:11  Extractor  
  17  1:16  Spawning Pool  
  16  1:19  Drone  
  16  1:22  Drone  
  18  1:28  Drone  
  19  1:39  Drone  
  20  1:50  Drone  
  21  2:00  Overlord  
  21  2:02  Queen  
  21  2:03  Zergling x2, Queen  
  26  2:12  Drone x2  
  26  2:15  Metabolic Boost  
  28  2:22  Drone  
  29  2:23  Drone  
  30  2:38  Hatchery  
  30  2:39  Drone  
  30  2:41  Drone  
  31  2:45  Drone  
  32  2:53  Overlord  
  32  2:54  Baneling Nest  
  31  2:58  Drone  
  31  2:59  Drone  
  33  3:07  Zergling x2  
  33  3:08  Zergling x2  
  33  3:11  Drone  
  36  3:12  Overlord  
  36  3:13  Zergling x2  
  36  3:15  Zergling x2  
  36  3:16  Drone  
  36  3:19  Drone  
  40  3:22  Drone  
  40  3:25  Drone  
  42  3:28  Evolution Chamber  
  42  3:29  Drone  
  42  3:31  Drone  
  43  3:38  Baneling x2  
  43  3:39  Queen  
  45  3:45  Drone x3  
  48  3:49  Zergling x4  
  48  3:53  Overlord  
  49  3:56  Zerg Missile Weapons Level 1  
  49  4:01  Drone x2, Extractor  
  49  4:02  Extractor  
  49  4:04  Drone x2  
  49  4:06  Drone  
  49  4:08  Drone  
  53  4:13  Drone x2  
  55  4:20  Overlord  
  55  4:21  Drone x3  
  55  4:22  Drone  
  55  4:23  Drone  
  60  4:29  Drone  
  61  4:32  Roach Warren  
  61  4:36  Overlord  
  60  4:39  Lair  
  60  4:43  Drone x4  
  63  4:52  Overlord  
  63  4:53  Drone x4  
  63  4:55  Drone  
  63  4:57  Drone  
  63  4:58  Drone  
  71  5:00  Drone  
  71  5:04  Extractor  
  71  5:05  Extractor  
  69  5:09  Drone x5  
  74  5:21  Pneumatized Carapace  
  72  5:30  Drone x2, Extractor, Evolution Chamber  
  72  5:31  Drone x2  
  72  5:32  Drone  
  72  5:33  Overlord  
  75  5:35  Drone  
  75  5:37  Roach x3  
  75  5:38  Hatchery  
  75  5:39  Glial Reconstitution  
  75  5:40  Overseer  
  85  5:50  Roach x4  
  85  5:55  Queen  
  86  5:59  Zerg Missile Weapons Level 2  
  86  6:02  Drone  
  86  6:03  Zerg Ground Armor Level 1  
  86  6:06  Roach  
  88  6:11  Overlord  
  88  6:12  Overlord  
  88  6:14  Overlord  
  88  6:15  Roach x2  
  92  6:22  Roach x3  
  98  6:27  Overlord x2  
  98  6:32  Roach x4  
  106  6:38  Spore Crawler  
  106  6:39  Drone  
  106  6:40  Drone  
  106  6:41  Spore Crawler  
  106  6:43  Roach x2  
  106  6:46  Ravager x2  
  106  6:47  Ravager x2, Overlord  
  114  6:49  Roach  
  114  6:52  Roach  
  118  6:57  Roach x3  
  124  7:05  Overlord x2  
  124  7:09  Roach x4  
  124  7:10  Ravager  
  124  7:11  Ravager  
  134  7:18  Roach x5  
  144  7:26  Roach x5  
  154  7:31  Overlord  
  154  7:33  Roach x2  
  158  7:41  Roach x5  
  165  7:52  Roach x5  
  170  8:10  Roach x10  
  170  8:11  Overlord x2  
  176  8:18  Roach  
  176  8:19  Overlord x2  
  174  8:23  Burrow  
  174  8:26  Tunneling Claws  
  162  8:30  Drone x2  
  154  8:36  Roach  
  154  8:37  Roach x3  
  154  8:40  Roach  
  154  8:41  Roach  
  164  8:45  Roach x3  
  170  8:57  Roach  
  170  8:58  Roach x6  
  170  9:02  Ravager x3  
  186  9:07  Extractor  
  186  9:08  Drone x2  
  186  9:09  Hydralisk Den, Drone x2  
  190  9:10  Ravager x2  
  190  9:11  Roach  
  193  9:17  Roach  
  193  9:18  Roach x2  
  193  9:22  Roach  
  187  9:29  Roach x6  
  195  9:37  Roach x4  
  197  9:40  Roach x2  
  187  9:50  Roach x6  
  169  9:53  Roach x2  
  169  9:57  Roach x3  
  155  10:02  Roach x2  
Show
View Real Time Build Order
Export as new Build Order

Elazer Zerg - Winner!

Build Orders: Hatch First 

Get SALT Encoding   

  12  0:00  Drone  
  13  0:12  Overlord  
  13  0:17  Drone  
  14  0:31  Drone x2  
  16  0:49  Hatchery  
  15  0:52  Drone  
  15  0:55  Drone  
  17  0:59  Drone  
  18  1:09  Extractor  
  17  1:14  Spawning Pool  
  17  1:17  Drone  
  17  1:20  Drone  
  18  1:28  Drone  
  19  1:39  Drone  
  20  1:50  Drone  
  21  2:00  Overlord  
  21  2:01  Drone, Queen x2  
  26  2:09  Metabolic Boost  
  26  2:11  Drone  
  26  2:13  Zergling x2  
  28  2:22  Drone x2  
  30  2:32  Zergling x2  
  30  2:33  Drone  
  32  2:40  Hatchery  
  32  2:44  Drone x2  
  33  2:51  Baneling Nest  
  33  2:57  Drone x2  
  34  3:05  Overlord  
  34  3:06  Drone  
  34  3:12  Drone  
  36  3:14  Overlord  
  36  3:22  Queen  
  36  3:24  Drone x4  
  36  3:25  Zergling x2  
  43  3:29  Zergling x2  
  44  3:34  Evolution Chamber  
  44  3:40  Drone x2  
  45  3:48  Drone x6  
  50  3:52  Overlord  
  50  3:54  Drone x2  
  52  4:00  Zerg Missile Weapons Level 1  
  52  4:03  Drone x2  
  52  4:07  Overlord  
  54  4:15  Lair  
  54  4:16  Zergling x4  
  54  4:17  Zergling x2, Extractor x2  
  56  4:18  Zergling x2  
  56  4:19  Drone  
  56  4:21  Drone  
  58  4:25  Overlord  
  58  4:26  Drone  
  58  4:28  Drone  
  58  4:31  Drone x3  
  63  4:38  Drone x3  
  66  4:47  Drone x6, Pneumatized Carapace  
  66  4:49  Drone  
  73  4:56  Overlord  
  73  4:59  Drone x2  
  75  5:01  Extractor  
  75  5:02  Extractor  
  75  5:03  Overlord  
  75  5:05  Drone x4  
  77  5:12  Extractor  
  76  5:15  Drone  
  76  5:18  Drone x3  
  76  5:21  Drone x2  
  80  5:22  Zergling x2, Roach Warren  
  80  5:24  Hatchery, Evolution Chamber  
  80  5:28  Zergling x10  
  84  5:35  Drone  
  85  5:36  Overseer  
  85  5:39  Drone, Overlord  
  84  5:55  Zerg Missile Weapons Level 2  
  84  5:56  Zerg Ground Armor Level 1, Overlord  
  81  5:57  Drone x3  
  81  6:02  Overlord x3  
  82  6:05  Roach  
  82  6:06  Glial Reconstitution, Roach x4  
  92  6:13  Roach x3  
  98  6:20  Roach x2  
  98  6:21  Roach  
  104  6:28  Roach  
  108  6:33  Roach x9  
  108  6:38  Roach x2  
  128  6:44  Overlord  
  128  6:45  Roach  
  128  6:46  Roach  
  132  6:55  Roach x3  
  132  7:00  Roach x3  
  132  7:01  Overlord x3  
  144  7:03  Roach  
  144  7:04  Roach x3  
  144  7:05  Overlord  
  152  7:13  Overlord  
  152  7:19  Ravager x5  
  152  7:20  Ravager, Roach x7  
  172  7:23  Ravager  
  172  7:26  Ravager  
  172  7:27  Roach x5  
  184  7:33  Roach x3  
  184  7:35  Roach  
  192  7:49  Overlord  
  178  8:05  Roach x3  
  166  8:16  Roach  
  166  8:17  Roach x11  
  184  8:25  Roach x3  
  181  8:33  Roach x6  
  180  8:34  Queen  
  180  8:35  Queen  
  184  8:46  Overlord x2, Spore Crawler  
  183  8:51  Infestation Pit  
  183  8:52  Spore Crawler  
  183  8:53  Drone  
  183  8:54  Drone x2, Spine Crawler  
  183  9:05  Roach x7  
  183  9:06  Ravager  
  198  9:10  Hydralisk Den, Drone  
  198  9:11  Drone  
  198  9:16  Spine Crawler  
  198  9:19  Overseer  
  190  9:32  Roach x5  
  183  9:45  Roach  
  183  9:46  Roach x8  
  182  9:55  Roach  
  182  9:56  Roach x6  
Tags
 
Add a new tag
Caveats
  • Supply blocks, unpowered buildings, or Contaminate may cause inaccurate times.
  • Supply counts are checked every 10 seconds.